 Dungeon Crawl Stone Soup version 0.21.1-1-g345015fe64 (webtiles) character file.

23 LilDood the Sneak (level 2, 0/13 HPs)
             Began as a Spriggan Enchanter on June 24, 2018.
             Slain by a kobold
             ... wielding a +0 dagger
              (4 damage)
             ... on level 1 of the Dungeon.
             The game lasted 00:04:49 (932 turns).

LilDood the Sneak (Spriggan Enchanter)               Turns: 932, Time: 00:04:50

Health: 0/13       AC:  2    Str:  4    XL:     2   Next: 75%
Magic:  7/7        EV: 19    Int: 16    God:
Gold:   53         SH:  0    Dex: 16    Spells: 6/7 levels left

rFire    . . .     SeeInvis +   i - +0 dagger
rCold    . . .     Gourm    .   (shield restricted)
rNeg     . . .     Faith    .   b - +0 robe
rPois    .         Spirit   .   (helmet restricted)
rElec    .         Reflect  .   (no cloak)
rCorr    .         Harm     .   (gloves unavailable)
MR       .....                  (boots unavailable)
Stlth    +++.......             (no amulet)
HPRegen  0.04/turn              (no ring)
MPRegen  0.10/turn              (no ring)

@: very quick
A: very small, unfitting armour, see invisible, herbivore, speed 3, slow
metabolism 2
a: no special abilities


You were on level 1 of the Dungeon.
You were not hungry.

You visited 1 branch of the dungeon, and saw 1 of its levels.

You collected 53 gold pieces.

Inventory:

Hand Weapons
 a - a +1 dagger
 i - a +0 dagger (weapon)
Armour
 b - a +0 robe (worn)
Jewellery
 l - a cursed ring of teleportation {unknown}
Scrolls
 e - a scroll of fog {unknown}
 f - a scroll of blinking {unknown}
 g - a scroll of random uselessness {unknown}
 h - a scroll of identify {unknown}
 j - a scroll of remove curse {unknown}
 m - a scroll of amnesia {unknown}
Potions
 k - a potion of heal wounds {unknown}
Books
 c - a book of Maledictions

   Spells                             Type                      Level
   a - Corona                         Hexes                        1
   b - Ensorcelled Hibernation        Hexes/Ice                    2
   c - Confuse                        Hexes                        3
   d - Tukima's Dance                 Hexes                        3
   e - Dazzling Spray                 Conjuration/Hexes            3
Comestibles
 d - 2 rations


   Skills:
 + Level 1.6 Short Blades
 + Level 3.4 Dodging
 + Level 4.8 Stealth
 + Level 3.0 Spellcasting
 + Level 3.9 Hexes


You had 6 spell levels left.
You knew the following spells:

 Your Spells              Type           Power        Failure   Level  Hunger
a - Corona                Hex            ###....      3%          1    #......


Dungeon Overview and Level Annotations

Branches:
Dungeon (1/15)

Altars:


Innate Abilities, Weirdness & Mutations

You are very small and have problems with some larger weapons.
You are too small for most types of armour.
You have supernaturally acute eyesight. (SInv)
You are a herbivore.
You cover ground extremely quickly.
You need consume almost no food.


Message History

The kobold barely misses you.
You hit the kobold but do no damage.
The kobold is moderately wounded.
The kobold hits you with a dagger.
You hit the kobold but do no damage.
The kobold is moderately wounded.
The kobold misses you.
You hit the kobold.
The kobold is heavily wounded.
The kobold hits you with a dagger.
You miss the kobold.
The kobold is heavily wounded.
The kobold hits you with a dagger.
You hit the kobold.
The kobold is severely wounded.
The kobold barely misses you.
You closely miss the kobold.
The kobold is severely wounded.
The kobold hits you with a dagger.
You die...

.##....#.# .........#
.##......# #......#
#......##### ###
####........ ..#
#.####### #.# #.#
###.#### ##'## #.@....#
##...## #K#.##.##
##.....## #.#...?.#
##.......## ##.......#
##.........###........##
.'.........+.............
##.........#..........###
##.......#.......#..##
##.(...#....(......#


You could see a kobold.

Vanquished Creatures
  2 dart slugs (D:1)
  A ball python (D:1)
  5 hobgoblins (D:1)
  3 kobolds (D:1)
  3 bats (D:1)
  A frilled lizard (D:1)
  3 goblins (D:1)
  A rat (D:1)
19 creatures vanquished.

Notes
Turn   | Place    | Note
-------+----------+-------------------------------------------
     0 | D:1      | LilDood the Spriggan Enchanter began the quest for the Orb.
     0 | D:1      | Reached XP level 1. HP: 9/9 MP: 5/5
   245 | D:1      | Reached XP level 2. HP: 13/13 MP: 6/6
   932 | D:1      | Slain by a kobold

Skill      XL: |  1  2 |
---------------+-------+-----
Spellcasting   | 3 |  3.0
Short Blades   | |  1.6
Dodging        | |  3.4
Stealth        | |  4.8
Hexes          | |  3.9

Action                   || total
-------------------------++-------
Melee: Dagger            ||    86
 Cast: Corona            ||     1
 Stab: Sleeping          ||     7
Armor: Robe              ||     6
Dodge: Dodged            ||    55
